 Dungeon Crawl Stone Soup version 0.30-a0-743-gbfdf073431 (webtiles) character file.

Game seed: 16497295161900472434

196 Lavandula the Slasher (level 6, -5/47 HPs)
             Began as a Human Monk on Feb 6, 2023.
             Slain by a gnoll
             ... wielding a +0 club
              (6 damage)
             ... on level 3 of the Dungeon.
             The game lasted 00:04:21 (3028 turns).

Lavandula the Slasher (Human Monk)                  Turns: 3028, Time: 00:04:22

Health: -5/47      AC:  3    Str: 13    XL:     6   Next: 4%
Magic:  6/6        EV: 13    Int: 11    God:
Gold:   104        SH:  0    Dex: 15    Spells: 5/5 levels left

rFire   . . .      SeeInvis .    a - +0 falchion
rCold   . . .      Faith    .    (no shield)
rNeg    . . .      Spirit   .    b - +0 robe
rPois   .          Reflect  .    (no helmet)
rElec   .          Harm     .    (no cloak)
rCorr   .          Rampage  .    (no gloves)
Will    .....                    n - +0 pair of boots
Stlth   ++                       (no amulet)
HPRegen 0.27/turn                (no ring)
MPRegen 0.10/turn                (no ring)

@: no status effects
A: no striking features
a: no special abilities


You were on level 3 of the Dungeon.
You visited 1 branch of the dungeon, and saw 3 of its levels.

You collected 104 gold pieces.

Inventory:

Hand Weapons
 a - a +0 falchion (weapon)
Armour
 b - a +0 robe (worn)
 n - a +0 pair of boots (worn)
Scrolls
 c - a scroll of enchant armour {unknown}
 d - 3 scrolls of identify {unknown}
 g - 3 scrolls of teleportation {unknown}
 h - a scroll of poison {unknown}
 i - 3 scrolls of blinking {unknown}
 k - a scroll of brand weapon {unknown}


   Skills:
 - Level 3.0 Fighting
 + Level 6.2 Long Blades
 - Level 3.0 Dodging
 - Level 2.0 Stealth


You had 5 spell levels left.
You didn't know any spells.
Your spell library contained the following spells:

 Spells                   Type           Power      Damage    Failure   Level
 Blink                    Tloc           0%         N/A       47%         2
 Lesser Beckoning         Tloc           0%         N/A       47%         2
 Momentum Strike          Conj/Tloc      0%         3d8       47%         2
 Gell's Gravitas          Tloc           0%         N/A       71%         3
 Ignite Poison            Fire/Tmut/Pois 0%         N/A       71%         3
 Kindle Blastsparks       Fire/Tloc/Air  0%         2d10      71%         3
 Teleport Other           Tloc           0%         N/A       71%         3
 Freezing Cloud           Conj/Ice/Air   0%         6-21      100%        5


Dungeon Overview and Level Annotations

Branches:
Dungeon (3/15)

Altars:
Zin

Annotations:
D:3 exclusion: ogre


Message History

The gnoll hits you with a +0 club.
The gnoll hits you from afar with a +0 spear!
You slash the gnoll!
The gnoll is almost dead.
The gnoll barely misses you.
The gnoll hits you from afar with a +0 spear.
The gnoll attacks as you move away! The gnoll hits you but does no damage.
The gnoll attacks as you move away! The gnoll closely misses you.
The gnoll attacks as you move away! The gnoll hits you with a +0 club.
The gnoll attacks as you move away! The gnoll hits you but does no damage.
The gnoll attacks as you move away! The gnoll hits you with a +0 club.
The gnoll attacks as you move away! The gnoll barely misses you.
The gnoll attacks as you move away! The gnoll closely misses you.
The gnoll attacks as you move away! The gnoll hits you with a +0 club.
The gnoll attacks as you move away! The gnoll hits you with a +0 club.
* * * LOW HITPOINT WARNING * * *
The gnoll attacks as you move away! The gnoll closely misses you.
The gnoll attacks as you move away! The gnoll hits you with a +0 club.
* * * LOW HITPOINT WARNING * * *
Unknown command.
The gnoll attacks as you move away! The gnoll barely misses you.
The gnoll attacks as you move away! The gnoll closely misses you.
The gnoll attacks as you move away! The gnoll barely misses you.
The gnoll attacks as you move away! The gnoll hits you with a +0 club.
* * * LOW HITPOINT WARNING * * *
The gnoll attacks as you move away! The gnoll closely misses you.
The gnoll attacks as you move away! The gnoll hits you but does no damage.
The gnoll attacks as you move away! The gnoll closely misses you.
The gnoll attacks as you move away! The gnoll hits you with a +0 club.
* * * LOW HITPOINT WARNING * * *
The gnoll attacks as you move away! The gnoll hits you with a +0 club.
* * * LOW HITPOINT WARNING * * *
The gnoll attacks as you move away! The gnoll hits you with a +0 club.
* * * LOW HITPOINT WARNING * * *
The gnoll attacks as you move away! The gnoll hits you with a +0 club.
* * * LOW HITPOINT WARNING * * *
You aren't carrying any potions.
Unknown command.
The gnoll attacks as you move away! The gnoll hits you with a +0 club.
You die...

.##......## ##...##.
#...##..######...##...##### ....
###. #...#..# #...†§. .... ...
#.#.#.## #####.. ....
.#.##.#....# # ###.≈
.....##).........## .. ....≈
.....## ##.#..#..###.# ###.≈
.....#####.#.........### ##..
..............gg@.......#### #...
.....# ###.....#####.......###.##
.....######..#.)#########..>.....
.....#.......##.....### ##.######
.......####..######...# #..###
...########..########.#####...#
#### #.....................#.##
#################g###########..#
......#.....................##.##


You could see 2 gnolls.

Vanquished Creatures
  A phantom (D:3)
  Terence (D:3)
  2 adders
  A gnoll (D:3)
  A worm (D:2)
  3 bats
  9 endoplasms
  2 giant cockroaches (D:3)
  7 goblins
  5 hobgoblins
  3 jackals (D:2)
  12 kobolds
  2 quokkas
  3 ball pythons
  7 frilled lizards
  7 rats
66 creatures vanquished.

Notes
Turn   | Place    | Note
-------+----------+-------------------------------------------
     0 | D:1      | Lavandula the Human Monk began the quest for the Orb.
     0 | D:1      | Reached XP level 1. HP: 18/18 MP: 1/1
   178 | D:1      | Reached XP level 2. HP: 23/24 MP: 2/2
   245 | D:1      | You fall into a shaft and drop 1 floor!
   505 | D:2      | Reached skill level 4 in Long Blades
   505 | D:2      | Reached XP level 3. HP: 27/29 MP: 3/3
  1489 | D:2      | Reached XP level 4. HP: 14/35 MP: 4/4
  1704 | D:2      | Identified the +9 short sword "Leruassy" {holy, Will- Str+2
                  | Dex+6}
  2352 | D:3      | Found a faded altar of an unknown god.
  2372 | D:3      | Noticed a phantom
  2412 | D:3      | Killed a phantom
  2413 | D:3      | Reached skill level 5 in Long Blades
  2413 | D:3      | Reached XP level 5. HP: 20/41 MP: 5/5
  2498 | D:3      | Noticed an ogre
  2717 | D:3      | Found a glowing silver altar of Zin.
  2809 | D:3      | Noticed Terence
  2817 | D:3      | Killed Terence
  2818 | D:3      | Reached skill level 6 in Long Blades
  2980 | D:3      | Reached XP level 6. HP: 40/47 MP: 6/6
  3026 | D:3      | HP: 1/47 [gnoll/+0 club (2)]
  3028 | D:3      | Slain by a gnoll

Illustrated notes

Levels and vault maps discovered:
D:1:      erik_arrival_triangle_huge, layout_loops_ring
D:2:      layout_basic, minmay_misc_feat_square, chequers_serial_rivers_large_a
D:3:      minmay_recursive_quarters, layout_rooms, mainiacjoe_overflow_catwalk,
          serial_shops, nicolae_shop_waterfront, basic_ecumenical_altar,
          corexii_hall_statues_x, uniq_terence

Skill      XL: |  1  2  3  4  5 |
---------------+----------------+-----
Long Blades    | 4 5 6 |  6.2
Fighting       | |  3.0
Dodging        | |  3.0
Stealth        | |  2.0

Action                     |  1- 3 |  4- 6 || total
---------------------------+-------+-------++-------
  Melee: Falchion          |   116 |    87 ||   203
  Throw: Dart              |     4 |     4 ||     8
    Use: Potion            |       |     5 ||     5
   Stab: Sleeping          |     9 |     3 ||    12
 Armour: Robe              |    22 |    16 ||    38
  Dodge: Dodged            |    68 |    66 ||   134

Table legend: (Time is in decaauts)
 A = Elapsed time spent in this place.
 B = Non-inter-level travel time spent in this place.
 C = Inter-level travel time spent in this place.
 D = Time resting spent in this place.
 E = Time spent auto-exploring this place.
 F = Levels seen in this place.
 G = Mean time per level.
                   A        B        C        D        E       F      G
               +--------+--------+--------+--------+--------+-----+--------+
         Total |   3052 |   2923 |    129 |    309 |   2010 |   3 | 1017.3 |
       Dungeon |   3052 |   2923 |    129 |    309 |   2010 |   3 | 1017.3 |
               +--------+--------+--------+--------+--------+-----+--------+

Top non-repeatable levels by time:
     D:2: 1351 daAuts
     D:1: 1023 daAuts
     D:3: 677 daAuts
